 Dungeon Crawl Stone Soup version 0.18.1-50-g88ac8fd (webtiles) character file.

19432 manyhoops the Warrior (level 12, -6/128 HPs)
             Began as an Ogre Hunter on Oct 27, 2016.
             Was a High Priest of Okawaru.
             Shot with an arrow by Nessos (25 damage)
             ... on level 12 of the Dungeon.
             The game lasted 00:40:07 (15163 turns).

manyhoops the Warrior (Ogre Hunter)                Turns: 15163, Time: 00:40:08

Health: -6/128     AC:  8    Str: 28    XL:     12   Next: 68%
Magic:  12/12      EV: 10    Int: 10    God:    Okawaru [*****.]
Gold:   1111       SH:  0    Dex: 13    Spells: 1 memorised, 10 levels left

rFire  + . .     SeeInvis .     c - +4 dire flail
rCold  . . .     Gourm    .     M - +2 troll leather armour
rNeg   . . .     Faith    .     (shield currently unavailable)
rPois  .         Spirit   .     (helmet restricted)
rElec  .         Dismiss  .     y - +0 cloak
rCorr  .         Reflect  .     (gloves unavailable)
SustAt .         Harm     .     (boots unavailable)
MR     ++...                    W - amulet of regeneration
Stlth  +.........               l - ring of protection from fire
                                P - +3 ring of dexterity

@: lethally poisoned (-6 -> -43), very resistant to hostile enchantments, very
unstealthy
A: unfitting armour, clever 1, frail 1, magic resistance 1, sense surroundings
1, strong 1, tough skin 1
a: Heroism, Finesse, Renounce Religion


You were on level 12 of the Dungeon.
You worshipped Okawaru.
Okawaru was extremely pleased with you.
You were not hungry.

You visited 4 branches of the dungeon, and saw 15 of its levels.
You also visited: Ossuary.

You collected 1235 gold pieces.
You spent 124 gold pieces at shops.

Inventory:

Hand Weapons
 c - a +4 dire flail (weapon)
 e - a +1 flail of holy wrath
Missiles
 d - a throwing net
 F - a large rock (quivered)
 I - 8 poisoned tomahawks
 Y - 6 javelins of returning
Armour
 y - a +0 cloak (worn)
 M - a +2 troll leather armour (worn)
 X - a mottled dragon hide
Jewellery
 l - a ring of protection from fire (right hand)
 B - a +2 ring of intelligence
 L - an uncursed ring of fire
 P - a +3 ring of dexterity (left hand)
 W - an amulet of regeneration (around neck)
Wands
 j - a wand of enslavement (12/24)
 r - a wand of flame (35/48)
 A - a wand of paralysis (9/24)
 D - a wand of acid (0/15)
 E - a wand of acid (7/15)
 S - a wand of teleportation (2/9)
Scrolls
 b - a scroll of random uselessness {unknown}
 f - a scroll of magic mapping {unknown}
 h - 2 scrolls of remove curse
 n - a scroll of holy word {unknown}
 o - a scroll of noise {unknown}
 q - 4 scrolls of recharging
 x - a scroll of fear {unknown}
 z - 4 scrolls of enchant weapon {unknown}
 H - a scroll of blinking
 K - a scroll of torment {unknown}
 T - a scroll of immolation {unknown}
 Z - a scroll of fog {unknown}
Potions
 i - a potion of cancellation
 k - 2 potions of flight
 m - 2 potions of agility
 s - 6 potions of might
 t - 2 potions of ambrosia
 u - 2 potions of cure mutation
 w - 2 potions of magic
 G - 2 potions of lignification {unknown}
 J - a potion of haste {unknown}
 O - 2 potions of heal wounds {unknown}
 Q - a potion of resistance {unknown}
 U - a potion of curing
 V - a potion of berserk rage {unknown}
Books
 g - a book of Frost

   Spells                             Type                      Level
   a - Freeze                         Ice                          1
   b - Throw Frost                    Conjuration/Ice              2
   c - Ozocubu's Armour               Charms/Ice                   3
   d - Throw Icicle                   Conjuration/Ice              4
   e - Summon Ice Beast               Ice/Summoning                4
Miscellaneous
 C - a legendary deck of changes {drawn: 4}
Comestibles
 a - 4 beef jerkies
 p - 3 meat rations
 v - 10 royal jellies
 N - 5 bread rations
 R - 3 chunks of flesh


   Skills:
 + Level 15.4 Fighting
 - Level 14.0 Maces & Flails
 * Level 12.0 Throwing
 - Level 3.0 Armour
 - Level 1.7 Dodging
 - Level 0.7 Stealth
 + Level 1.0 Evocations


You had 10 spell levels left.
You knew the following spells:

 Your Spells              Type           Power        Failure   Level  Hunger
a - Corona                Hex            #......      41%         1    ##.....


Dungeon Overview and Level Annotations

Branches:
Dungeon (12/15)            Temple (1/1) D:5            Lair (1/8) D:11
    Orc (1/2) D:9

Altars:
Ashenzari
Cheibriados
Dithmenos
Elyvilon
Fedhas
Gozag
Kikubaaqudgha
Makhleb
Okawaru
Qazlal
Ru
Sif Muna
Vehumet
The Shining One
Beogh

Shops:
D:5 !   D:7 [

Annotations:
D:12 Nessos


Innate Abilities, Weirdness & Mutations

You are too large for most types of armour.
You have tough skin (AC +1).
Your mind is acute. (Int +2)
You are frail (-10% HP).
You are resistant to hostile enchantments.
You passively map a small area around you.
Your muscles are strong. (Str +2)


Message History

Nessos shoots an arrow.
The arrow hits you.
You are more poisoned.
Nessos shoots an arrow.
The arrow hits you!
* * * LOW HITPOINT WARNING * * *
The arrow burns you.
You are lethally poisoned!
* * * LOW HITPOINT WARNING * * *
Nessos shoots an arrow.
The arrow hits you!
* * * LOW HITPOINT WARNING * * *
You are more poisoned.
Throwing (i - inventory. (,) - cycle):
F - 2 large rocks (quivered)
Press: ? - help, Shift-Dir - straight line, f/p - Nessos
Aim: Nessos, wielding a longbow of flaming and wearing a shiny centaur barding (heavily wounded, fast)
You throw a large rock.
The large rock hits Nessos but does no damage.
Nessos is heavily wounded.
* * * LOW HITPOINT WARNING * * *
You feel extremely sick.
Nessos shoots an arrow.
The arrow hits you!!
You die...

#########.###!.# ####..#####..
##...(.#.......## #...........
#.............### #.###.......
..............^.####...###.......
.....................###...##....
...............###..###..###*#...
......(........####.###.## *...
.................##c.(..# .
..............(#@.....(##* *
#.............#####..#....# ,
##.....#.....## #..####.# * **
######...##### ##..# ..* *
.......###########...######..
....................%........,
.....))###.....######.######
#######....#####** *#..# ,* *
#######)#### #...........#


You could see Nessos.

Vanquished Creatures
  An anaconda (shapeshifter) (D:9)
  2 hydras
  An unseen horror (D:11)
  2 hill giants
  2 ugly things
  An orc knight (Orc:1)
  2 cyclopes
  A black mamba (Lair:1)
  A spiny frog (Lair:1)
  2 komodo dragons
  2 trolls
  A slime creature (D:11)
  Prince Ribbit (D:7)
  A wraith (D:10)
  A wyvern (D:11)
  6 yaks
  Eustachio (D:6)
  2 fire elementals (Lair:1)
  Grum (D:11)
  A steam dragon (D:5)
  3 hippogriffs
  A hungry ghost (D:9)
  Edmund (D:6)
  3 wargs
  A mottled dragon (D:12)
  2 water moccasins
  4 ice beasts
  16 orc warriors
  5 phantoms
  3 sky beasts
  2 eyes of draining
  5 ogres
  4 wolves (D:11)
  5 centaurs
  A crocodile (D:10)
  3 big kobolds
  6 giant frogs
  4 scorpions
  6 killer bees (D:9)
  9 wights
  9 jellies
  2 quasits
  2 centaur zombies
  11 howler monkeys
  5 crimson imps
  A giant frog zombie (D:5)
  12 orc priests
  2 centaur skeletons
  2 giant frog skeletons
  4 hounds
  5 iguanas
  14 orc wizards
  17 worker ants
  3 sheep (D:12)
  3 big kobold zombies (Ossuary)
  2 mummies (Ossuary)
  A worker ant zombie (D:10)
  7 gnolls
  8 adders
  3 shadow imps
  5 oozes (D:11)
  An adder zombie (D:9)
  4 adder skeletons
  4 worms
  5 dart slugs
  6 giant geckos
  64 orcs
  A ball python (D:1)
  A bat zombie (D:5)
  5 giant cockroaches
  4 goblins
  11 hobgoblins
  13 jackals
  14 kobolds
  2 quokkas (D:4)
  4 bats
  A giant newt (D:7)
  2 gnoll zombies (Ossuary)
  4 goblin zombies (Ossuary)
  2 hobgoblin zombies (Ossuary)
  A jackal skeleton (D:7)
  3 orc zombies (Ossuary)
  A quokka skeleton (D:4)
  2 quokka zombies
  5 rats
  3 rat zombies
397 creatures vanquished.

Vanquished Creatures (others)
  2 plants
2 creatures vanquished.

Grand Total: 399 creatures vanquished

Notes
Turn   | Place    | Note
--------------------------------------------------------------
     0 | D:1      | manyhoops the Ogre Hunter began the quest for the Orb.
     0 | D:1      | Reached XP level 1. HP: 22/22 MP: 1/1
   226 | D:1      | Reached XP level 2. HP: 26/29 MP: 2/2
   692 | D:2      | Reached skill level 3 in Fighting
   919 | D:2      | Reached XP level 3. HP: 37/37 MP: 3/3
  1008 | D:2      | Reached skill level 1 in Maces & Flails
  1040 | D:2      | Reached skill level 5 in Throwing
  1229 | D:2      | Reached XP level 4. HP: 43/45 MP: 4/4
  1913 | D:4      | Noticed a phantom
  2110 | D:4      | Noticed an ogre
  2113 | D:4      | Killed an ogre
  2113 | D:4      | Reached skill level 4 in Fighting
  2113 | D:4      | Reached XP level 5. HP: 54/54 MP: 5/5
  2132 | D:4      | Found a sand-covered staircase.
  2140 | Ossuary  | Entered an ossuary
  2176 | Ossuary  | Reached XP level 6. HP: 30/63 MP: 6/6
  2476 | D:4      | Noticed a phantom
  2490 | D:4      | Killed a phantom
  2490 | D:4      | Reached skill level 5 in Fighting
  3192 | D:4      | Killed a phantom
  3192 | D:4      | Reached XP level 7. HP: 37/74 MP: 7/7
  3265 | D:4      | Reached skill level 6 in Fighting
  3772 | D:4      | Found a snail-covered altar of Cheibriados.
  3852 | D:5      | Entered Level 5 of the Dungeon
  3853 | D:5      | Found Xiyb's Distillery.
  3867 | D:5      | Bought a potion of mutation for 32 gold pieces
  3867 | D:5      | Bought a potion of mutation for 32 gold pieces
  3867 | D:5      | Gained mutation: You are frail (-10% HP). [potion of mutation]
  3867 | D:5      | Gained mutation: You passively map a small area around you. [potion of mutation]
  3867 | D:5      | Gained mutation: Your muscles are strong. (Str +2) [potion of mutation]
  3868 | D:5      | Gained mutation: You are resistant to hostile enchantments. [potion of mutation]
  3868 | D:5      | Gained mutation: Your mind is acute. (Int +2) [potion of mutation]
  3907 | D:5      | Found a glowing golden altar of the Shining One.
  3927 | D:5      | Reached skill level 7 in Fighting
  3927 | D:5      | Reached skill level 5 in Maces & Flails
  4096 | D:5      | Reached XP level 8. HP: 78/78 MP: 8/8
  4107 | D:5      | Found a staircase to the Ecumenical Temple.
  4154 | Temple   | Entered the Ecumenical Temple
  4167 | Temple   | Became a worshipper of Warmaster Okawaru
  4391 | D:5      | Found a radiant altar of Vehumet.
  4392 | D:5      | Reached skill level 8 in Fighting
  4665 | D:5      | Reached * piety under Okawaru
  5084 | D:5      | Found an ancient bone altar of Kikubaaqudgha.
  5204 | D:6      | Found a burning altar of Makhleb.
  5260 | D:6      | Reached XP level 9. HP: 52/87 MP: 9/9
  5494 | D:6      | Reached skill level 9 in Fighting
  5583 | D:6      | Noticed Eustachio
  5600 | D:6      | Killed Eustachio
  5614 | D:6      | Noticed Edmund
  6298 | D:6      | Killed Edmund
  6406 | D:6      | Reached ** piety under Okawaru
  7534 | D:6      | Reached skill level 10 in Fighting
  7596 | D:7      | Noticed Prince Ribbit
  7608 | D:7      | Killed Prince Ribbit
  7881 | D:7      | Found a white marble altar of Elyvilon.
  8050 | D:7      | Found Qogeh's Armour Boutique.
  8054 | D:7      | Bought a troll hide for 60 gold pieces
  8205 | D:7      | Found an opulent altar of Gozag.
  8215 | D:7      | Reached skill level 10 in Maces & Flails
  8217 | D:7      | Reached XP level 10. HP: 83/99 MP: 10/10
  8528 | D:8      | Reached skill level 11 in Fighting
  8600 | D:8      | Reached skill level 1 in Armour
  8648 | D:8      | Reached *** piety under Okawaru
  9381 | D:9      | Reached **** piety under Okawaru
  9586 | D:9      | Found a staircase to the Orcish Mines.
  9603 | D:9      | Learned a level 1 spell: Corona
  9673 | D:9      | Received a gift from Okawaru
  9881 | D:9      | Noticed an anaconda
  9887 | D:9      | Killed an anaconda
  9887 | D:9      | Reached skill level 12 in Fighting
  9887 | D:9      | Reached XP level 11. HP: 31/110 MP: 11/11
 10308 | D:10     | Entered Level 10 of the Dungeon
 10338 | D:10     | Received a gift from Okawaru
 10602 | D:10     | Reached ***** piety under Okawaru
 10810 | D:10     | Noticed a hill giant
 10813 | D:10     | Killed a hill giant
 11351 | D:11     | Noticed a cyclops
 11358 | D:11     | Killed a cyclops
 11364 | D:11     | Received a gift from Okawaru
 11491 | D:11     | Noticed a green ugly thing
 11513 | D:11     | Killed a green ugly thing
 11513 | D:11     | Reached skill level 13 in Fighting
 11673 | D:11     | Noticed Grum
 11933 | D:11     | Killed Grum
 11983 | D:11     | Noticed a hill giant
 11986 | D:11     | Killed a hill giant
 11986 | D:11     | Received a gift from Okawaru
 11986 | D:11     | Reached skill level 10 in Throwing
 11994 | D:11     | Found a staircase to the Lair.
 12277 | D:11     | Reached skill level 14 in Fighting
 12620 | D:11     | Received a gift from Okawaru
 12620 | D:11     | Reached XP level 12. HP: 111/125 MP: 12/12
 12692 | Orc:1    | Entered Level 1 of the Orcish Mines
 13264 | Orc:1    | Found a roughly hewn altar of Beogh.
 13272 | Orc:1    | Noticed an orc warlord
 13278 | Orc:1    | Received a gift from Okawaru
 13569 | D:9      | Drew Focus: Str increased to 25, Int decreased to 9
 13570 | D:9      | Drew Focus: Str increased to 26, Int decreased to 8
 13785 | Lair:1   | Entered Level 1 of the Lair of Beasts
 14438 | Lair:1   | Noticed a six-headed hydra
 14486 | Lair:1   | Killed a six-headed hydra
 14563 | D:12     | Reached skill level 15 in Fighting
 14565 | D:12     | Noticed a four-headed hydra
 14577 | D:12     | Killed a four-headed hydra
 14678 | D:12     | Noticed Nessos
 14697 | D:11     | Received a gift from Okawaru
 14890 | D:12     | Got a sheer robe
 14901 | D:12     | Identified the cursed +1 robe of Ireitao {+Inv Str-5 Dex+2} (You found it on level 12 of the Dungeon)
 15087 | D:12     | Reached skill level 1 in Evocations
 15163 | D:12     | Shot with an arrow by Nessos

Skill      XL: |  1  2  3  4  5  6  7  8  9 10 11 12 |
---------------+-------------------------------------+-----
Fighting       | 3 4 5 7 8 10 12 14 15 | 15.4
Maces & Flails | 1 3 5 7 10 12 14 | 14.0
Throwing       | 5 6 7 9 10 12 | 12.0
Armour         | 3 |  3.0
Evocations     | 1 |  1.0
Dodging        | |  1.7
Stealth        | |  0.7

Action                   |  1- 3 |  4- 6 |  7- 9 | 10-12 || total
-------------------------+-------+-------+-------+-------++-------
Melee: Short sword       |    20 |       |       |       ||    20
       Mace              |    10 |       |       |       ||    10
       Flail             |       |    13 |   139 |       ||   152
       Giant club        |       |    72 |       |       ||    72
       Giant spiked club |       |       |     1 |       ||     1
       Dire flail        |       |       |   101 |   552 ||   653
 Fire: Hunting sling     |    75 |    70 |    35 |       ||   180
Throw: Large rock        |       |    22 |    51 |   169 ||   242
       Throwing net      |       |     2 |     4 |     2 ||     8
       Tomahawk          |       |       |    33 |     2 ||    35
Evoke: Wand              |       |       |     3 |     2 ||     5
       Deck              |       |       |       |     4 ||     4
  Use: Scroll            |       |     5 |     7 |    14 ||    26
       Potion            |       |     2 |     3 |     2 ||     7
 Stab: Held in net/web   |       |       |     1 |       ||     1
  Eat: Chunk             |     1 |       |     4 |    10 ||    15
       Bread ration      |       |     2 |     2 |     1 ||     5
       Fruit             |       |       |     2 |       ||     2
       Meat ration       |       |       |       |     2 ||     2
       Pizza             |       |       |       |     2 ||     2
Armor: Robe              |    18 |    34 |    86 |       ||   138
       Troll leather arm |       |       |     5 |   174 ||   179
Dodge: Dodged            |    28 |    75 |   166 |   236 ||   505
